 Dungeon Crawl Stone Soup version 0.19-a0-599-g723c685 (webtiles) character file.

12751 HarleyM the Fighter (level 11, 0/107 HPs)
             Began as a Minotaur Berserker on June 11, 2016.
             Was a High Priest of Trog.
             Slain by a death yak (16 damage)
             ... on level 3 of the Lair of Beasts.
             The game lasted 01:07:18 (13089 turns).

HarleyM the Fighter (Minotaur Berserker)           Turns: 13089, Time: 01:07:19

Health: 0/107      AC: 14    Str: 26    XL:     11   Next: 66%
Magic:  10/10      EV: 16    Int:  4    God:    Trog [*****.]
Gold:   433        SH:  0    Dex: 17    Spells: 0 memorised, 10 levels left

rFire  . . .     SeeInvis .     O - +2 dire flail (holy)
rCold  . . .     Gourm    .     R - +0 scale mail (curse)
rNeg   . . .     Faith    .     (shield currently unavailable)
rPois  .         Spirit   .     (helmet restricted)
rElec  .         Dismiss  .     E - +2 cloak
rCorr  .         Reflect  .     I - +0 pair of gloves
SustAt .         Harm     .     M - +0 pair of boots
MR     .....                    (no amulet)
Stlth  ..........               k - +5 ring of strength
                                X - +3 ring of dexterity

@: exhausted, very slightly contaminated, hasted and slowed, not resistant to
hostile enchantments, extremely unstealthy
A: retaliatory headbutt, horns 2
a: Berserk, Trog's Hand, Brothers in Arms, Burn Spellbooks, Renounce Religion


You were on level 3 of the Lair of Beasts.
You worshipped Trog.
Trog was extremely pleased with you.
You were hungry.

You visited 2 branches of the dungeon, and saw 11 of its levels.

You collected 468 gold pieces.
You spent 35 gold pieces at shops.

Inventory:

Hand Weapons
 a - a +0 mace
 g - a +1 morningstar of holy wrath
 m - a +1 flail
 t - a +0 mace
 J - the +6 rapier of the Lamprey {pierce, Dex+4}
   (You found it on level 8 of the Dungeon)

   It inflicts extra damage upon your enemies.
   It affects your dexterity (+4).
 O - a +2 dire flail of holy wrath (weapon)
 P - a +2 antimagic rapier
 S - a +2 mace of venom
 T - a +0 flail
 W - a +0 morningstar
Missiles
 d - 94 poisoned needles
 e - 10 needles of frenzy
 s - a throwing net (quivered)
Armour
 o - a +2 leather armour of fire resistance
 w - a +1 plate armour
 z - a +0 plate armour
 E - a +2 cloak (worn)
 I - a +0 pair of gloves (worn)
 L - a cursed +0 leather armour
 M - a +0 pair of boots (worn)
 Q - a +0 plate armour
 R - a cursed +0 scale mail (worn)
Jewellery
 k - a +5 ring of strength (right hand)
 p - an uncursed amulet of dismissal
 q - an uncursed ring of see invisible
 K - an uncursed ring of protection from fire
 X - a +3 ring of dexterity (left hand)
Wands
 b - a wand of digging (20/24)
 i - a wand of slowing (32/48)
 r - a wand of paralysis (10/24)
 Z - a wand of slowing (39/48)
Scrolls
 f - 2 scrolls of enchant weapon
 j - 2 scrolls of magic mapping
 x - 6 scrolls of teleportation
 y - 4 scrolls of identify
 B - 2 scrolls of fear
 C - a scroll of enchant armour
 D - 2 scrolls of blinking
 N - 2 scrolls of remove curse
 Y - 2 scrolls of recharging
Potions
 h - a potion of resistance
 n - a potion of might
 v - 2 potions of heal wounds
 A - a potion of haste
 G - 3 potions of curing
Comestibles
 c - 8 bread rations
 l - 4 beef jerkies
 u - 19 fruits
 F - 8 slices of pizza
 H - 4 meat rations


   Skills:
 * Level 13.4 Fighting
 - Level 12.5 Maces & Flails
 + Level 9.7 Armour
 + Level 9.0 Dodging


You had 10 spell levels left.
You didn't know any spells.

Dungeon Overview and Level Annotations

Branches:
Dungeon (8/15)             Temple (0/1) D:5            Lair (3/6) D:8
 Shoals (0/4) Lair:2
  Snake: Lair:2-4    Spider: Lair:2-4

Altars:
Elyvilon
Fedhas
Hepliaklqana
Makhleb
Ru
Sif Muna
Trog
Zin
The Shining One

Shops:
D:4 !


Innate Abilities, Weirdness & Mutations

You reflexively headbutt those who attack you in melee.
You have a pair of horns on your head.


Message History

* * * LOW HITPOINT WARNING * * *
You feel yourself speed up. The death yak misses you. x2
You are very lightly contaminated with residual magic.
You feel better. The death yak barely misses you.
You hit the death yak.
You headbutt the death yak, but do no damage.
The death yak is heavily wounded.
You hit the death yak.
The death yak is heavily wounded.
The death yak closely misses you.
You barely miss the death yak.
The death yak is heavily wounded.
The death yak gores you.
* * * LOW HITPOINT WARNING * * *
You barely miss the death yak.
The death yak is heavily wounded.
You hit the death yak. You headbutt the death yak.
The death yak is heavily wounded.
The death yak gores you!
You die...

##..........#
#.##..._..P## .## # #
##.......P# ###.. . #
####.......P## P#..#..
###...........## ..Y....
#.#..........#.# .Y.....
#.............## .......
.#...........#####.......
.............##.@Y.......
###..........#..##.......
##............## .......
#............## #######
######...#.### #P.####
####


You could see a death yak.

Vanquished Creatures
  A hydra (Lair:3)
  5 death yaks (Lair:3)
  The ghost of mirrormirror the Covert, a novice SpAs of Dithmenos (Lair:1)
  An elephant (D:8)
  3 black mambas
  A siren (Lair:2)
  Joseph (D:7)
  2 spiny frogs
  2 komodo dragons
  A yak (D:8)
  A human (D:8)
  A hungry ghost (D:8)
  3 hippogriffs (Lair:2)
  4 water moccasins
  7 swamp worms (Lair:2)
  A black bear (D:6)
  2 porcupines
  A phantom (D:4)
  2 ice beasts
  2 orc warriors (D:6)
  4 ogres
  3 centaurs
  3 crocodiles
  A giant frog (Lair:3)
  A wyvern skeleton (D:6)
  2 scorpions
  2 electric eels (Lair:1)
  3 crimson imps (D:8)
  A centaur zombie (D:5)
  7 hounds
  4 orc priests
  7 orc wizards
  2 jellies
  A centaur skeleton (D:5)
  2 giant frog skeletons (D:8)
  6 iguanas
  3 worker ants
  7 sheep
  A worker ant zombie (D:6)
  7 gnolls
  8 adders
  8 river rats (Lair:2)
  An ooze (D:4)
  An adder zombie (D:7)
  2 adder skeletons (D:6)
  14 worms
  3 dart slugs
  6 giant geckos
  31 orcs
  A ball python (D:5)
  11 bats
  7 giant cockroaches
  13 goblins
  14 hobgoblins
  3 jackals (D:3)
  3 quokkas
  A ball python skeleton (D:5)
  9 giant newts
  8 kobolds
  5 rats
  A fungus (Lair:2)
  A plant (Lair:1)
260 creatures vanquished.

Vanquished Creatures (others)
  3 plants
3 creatures vanquished.

Grand Total: 263 creatures vanquished

Notes
Turn   | Place    | Note
--------------------------------------------------------------
     0 | D:1      | HarleyM the Minotaur Berserker began the quest for the Orb.
     0 | D:1      | Reached XP level 1. HP: 19/19 MP: 0/0
   145 | D:1      | Reached XP level 2. HP: 25/27 MP: 1/1
   590 | D:1      | Reached skill level 5 in Maces & Flails
   591 | D:1      | Reached ** piety under Trog
   792 | D:1      | Reached XP level 3. HP: 32/33 MP: 2/2
  1535 | D:2      | Reached XP level 4. HP: 38/40 MP: 3/3
  1570 | D:2      | Found a deep blue altar of Sif Muna.
  2222 | D:2      | Reached *** piety under Trog
  2407 | D:2      | Found a white marble altar of Elyvilon.
  2876 | D:3      | Reached XP level 5. HP: 46/46 MP: 4/4
  3532 | D:3      | Reached **** piety under Trog
  3971 | D:4      | Reached XP level 6. HP: 50/52 MP: 5/5
  3978 | D:4      | Found Meanegei's Distillery.
  3991 | D:4      | Bought a potion of mutation for 35 gold pieces
  4129 | D:4      | Found a glowing silver altar of Zin.
  4143 | D:4      | Found a blossoming altar of Fedhas.
  4523 | D:4      | Reached XP level 7. HP: 56/58 MP: 6/6
  4764 | D:5      | Entered Level 5 of the Dungeon
  4774 | D:5      | Reached skill level 10 in Maces & Flails
  5293 | D:5      | Found a glowing golden altar of the Shining One.
  5410 | D:5      | Found a staircase to the Ecumenical Temple.
  5470 | D:5      | Found a burning altar of Makhleb.
  5495 | D:5      | Reached XP level 8. HP: 64/66 MP: 7/7
  6371 | D:6      | Reached ***** piety under Trog
  6371 | D:6      | Reached skill level 4 in Fighting
  6807 | D:6      | Reached skill level 5 in Fighting
  7191 | D:6      | Found a bloodstained altar of Trog.
  7563 | D:7      | Reached XP level 9. HP: 75/75 MP: 8/8
  7720 | D:7      | Noticed Joseph
  7736 | D:7      | Killed Joseph
  7736 | D:7      | Reached skill level 6 in Fighting
  7791 | D:7      | Reached skill level 5 in Armour
  8567 | D:8      | Reached skill level 7 in Fighting
  8595 | D:8      | Found a hazy altar of Hepliaklqana.
  8602 | D:8      | Found a staircase to the Lair.
  8605 | D:8      | Noticed an elephant
  8626 | D:8      | Killed an elephant
  8626 | D:8      | Reached skill level 8 in Fighting
  8626 | D:8      | Reached skill level 5 in Dodging
  8975 | D:8      | Found a sacrificial altar of Ru.
  9013 | D:8      | Found a glowing golden altar of the Shining One.
  9046 | D:8      | Got a faintly glowing rapier
  9294 | D:8      | Reached skill level 9 in Fighting
  9683 | Lair:1   | Entered Level 1 of the Lair of Beasts
  9768 | Lair:1   | Noticed mirrormirror's ghost (novice SpAs)
  9816 | Lair:1   | Killed mirrormirror's ghost
  9816 | Lair:1   | Reached XP level 10. HP: 91/91 MP: 9/9
 10085 | Lair:1   | Reached skill level 10 in Fighting
 10553 | Lair:1   | Identified the +6 rapier of the Lamprey {pierce, Dex+4} (You found it on level 8 of the Dungeon)
 11337 | Lair:2   | Found a staircase to the Shoals.
 11351 | Lair:2   | Noticed a siren
 11363 | Lair:2   | Killed a siren
 11476 | Lair:2   | Noticed a black mamba
 11484 | Lair:2   | Killed a black mamba
 11484 | Lair:2   | Reached skill level 11 in Fighting
 11539 | Lair:2   | Received a gift from Trog
 12022 | Lair:2   | Noticed a black mamba
 12029 | Lair:2   | Killed a black mamba
 12128 | Lair:2   | Noticed a spiny frog
 12138 | Lair:2   | Killed a spiny frog
 12138 | Lair:2   | Reached XP level 11. HP: 104/104 MP: 10/10
 12459 | Lair:3   | Reached skill level 12 in Fighting
 12870 | Lair:3   | Found a burning altar of Makhleb.
 12875 | Lair:3   | Noticed a five-headed hydra
 12884 | Lair:3   | Killed a five-headed hydra
 13040 | Lair:3   | Noticed a death yak
 13042 | Lair:3   | Noticed a death yak
 13043 | Lair:3   | Noticed a death yak
 13043 | Lair:3   | Noticed a death yak
 13044 | Lair:3   | Noticed a death yak
 13044 | Lair:3   | Noticed a death yak
 13050 | Lair:3   | Killed a death yak
 13054 | Lair:3   | Killed a death yak
 13065 | Lair:3   | Killed a death yak
 13065 | Lair:3   | Reached skill level 13 in Fighting
 13071 | Lair:3   | Killed a death yak
 13078 | Lair:3   | Killed a death yak
 13089 | Lair:3   | Slain by a death yak

Vault maps used:
D:1:      dpeg_arrival_lava_temple_mockup
D:2:      marbit_many_paths, lemuel_crystal_altar, serial_co_window_serial,
          co_window_corner_a, co_window_paths_a, co_window_corner_a,
          co_window_paths_b, co_window_paths_b, co_window_corner_a,
          co_window_paths_b, co_window_paths_a, co_window_paths_b,
          co_window_broadway_c, co_window_corner_ca, co_window_broadway_b,
          co_window_of_opportunity_b, co_window_corner_b, co_window_corner_cb,
          co_window_of_opportunity_c, glass_columns_c, glass_columns_a,
          glass_columns_b, kennysheep_generic_room_4
D:4:      zin_statuary, kennysheep_little_box, serial_shops,
          nicolae_shop_statue_plus, first_bread, grunt_decor_mini_mirrors,
          guppyfry_early_lair_pool
D:5:      nicolae_overflow_crystal_walls, old_standard_altar, temple_doors_e
D:6:      bloody_trog
D:7:      uniq_joseph
D:8:      nicolae_ru_path_of_blood, lemuel_doored_altar, david_lair_generic,
          grunt_pizzeria, st_stairs_3, grunt_ministairs_3,
          nicolae_tso_swordbearing_angel
Lair:1:   statuecave_lemuel
Lair:2:   elwin_shoals_entry_rooms, worms_lemuel
Lair:3:   basic_altar, grunt_megastairs_1

Skill      XL: |  1  2  3  4  5  6  7  8  9 10 11 |
---------------+----------------------------------+-----
Maces & Flails | 4 5 6 8 9 11 12 | 12.5
Fighting       | 5 9 11 13 | 13.4
Armour         | 4 6 8 9 |  9.7
Dodging        | 3 6 7 9 |  9.0

Action                   |  1- 3 |  4- 6 |  7- 9 | 10-12 || total
-------------------------+-------+-------+-------+-------++-------
Melee: Mace              |    90 |    97 |   127 |    29 ||   343
       Headbutt          |     6 |    31 |    86 |    84 ||   207
       Flail             |       |    95 |       |       ||    95
       Whip              |       |       |   210 |    54 ||   264
       Dire flail        |       |       |       |   144 ||   144
       Morningstar       |       |       |       |    20 ||    20
Invok: Berserk           |       |     3 |    14 |     2 ||    19
       Burn Spellbooks   |       |       |       |     1 ||     1
  Use: Scroll            |       |       |    17 |     1 ||    18
       Potion            |       |       |     7 |     4 ||    11
  Eat: Chunk             |     2 |    12 |    18 |     5 ||    37
       Bread ration      |       |       |     3 |     2 ||     5
Armor: Animal skin       |    18 |       |       |       ||    18
       Leather armour    |       |    18 |       |       ||    18
       Plate armour      |       |    78 |    95 |    11 ||   184
       Ring mail         |       |     2 |       |       ||     2
       Scale mail        |       |       |       |    32 ||    32
Dodge: Dodged            |    66 |    80 |    72 |    92 ||   310
